 Dungeon Crawl Stone Soup version 0.27.1-1-g398f81649c (webtiles) character file.

Game seed: 371536544159129207

48 greenlake the Conjurer (level 4, -8/30 HPs)
             Began as a Human Conjurer on Sept 14, 2021.
             Mangled by an orc wizard (19 damage)
             ... on level 3 of the Dungeon.
             The game lasted 00:06:58 (2076 turns).

greenlake the Conjurer (Human Conjurer)             Turns: 2076, Time: 00:07:00

Health: -8/30      AC:  8    Str:  7    XL:     4   Next: 0%
Magic:  2/8        EV: 11    Int: 19    God:
Gold:   85         SH:  0    Dex: 12    Spells: 7/8 levels left

rFire    + . .     SeeInvis .   h - staff of fire
rCold    . . .     Faith    .   (no shield)
rNeg     . . .     Spirit   .   c - +3 leather armour
rPois    .         Reflect  .   (no helmet)
rElec    .         Harm     .   j - +0 cloak
rCorr    .         Rampage  .   k - +0 pair of gloves
Will     .....                  (no boots)
Stlth    ++........             (no amulet)
HPRegen  0.10/turn              (no ring)
MPRegen  0.11/turn              (no ring)

@: no status effects
A: no striking features
a: no special abilities


You were on level 3 of the Dungeon.
You visited 1 branch of the dungeon, and saw 3 of its levels.

You collected 85 gold pieces.

Inventory:

Hand Weapons
 b - a +0 short sword
Missiles
 d - 7 curare-tipped darts
 i - 4 boomerangs
 l - 2 throwing nets
Armour
 a - a +0 robe
 c - a +3 leather armour (worn)
 j - a +0 cloak (worn)
 k - a +0 pair of gloves (worn)
Magical Staves
 h - a staff of fire (weapon)
Jewellery
 e - a ring of willpower
Scrolls
 f - a scroll of teleportation {unknown}
 m - a scroll of identify {unknown}
Potions
 g - 2 potions of curing {unknown}
 n - a potion of heal wounds {unknown}


   Skills:
 + Level 1.5 Armour
 - Level 2.0 Dodging
 - Level 2.0 Stealth
 + Level 2.7 Spellcasting
 + Level 4.4 Conjurations


You had 7 spell levels left.
You knew the following spells:

 Your Spells              Type           Power      Damage    Failure   Level
a - Magic Dart            Conj           76%        1d6       3%          1

Your spell library contained the following spells:

 Spells                   Type           Power      Damage    Failure   Level
 Searing Ray              Conj           38%        3d4       5%          2
 Dazzling Flash           Conj/Hex       22%        N/A       28%         3
 Fulminant Prism          Conj/Hex       5%         3d7       67%         4
 Iskenderun's Mystic Bla  Conj/Tloc      11%        2d4       67%         4


Dungeon Overview and Level Annotations

Branches:
Dungeon (3/15)

Altars:

Annotations:
D:2 Terence


Message History

Something tries to affect you, but you resist.
You closely miss something.
You hear some strange, mumbled words.
A puff of flame appears from out of thin air!
The puff of flame hits you but does no damage.
The orc wizard casts a spell at you.
You hit something but do no damage. Something hits you but does no damage.
You barely miss something. The orc wizard casts a spell at you.
The puff of flame hits something!
Reactivating autopickup.
You feel a bit more experienced.
Your magical contamination has completely faded away.
You have reached level 4!
You feel agile.
Casting: Magic Dart (safe; 3% risk of failure)
Confirm with . or Enter, or press ? or * to list all spells.
Aiming: Magic Dart (safe; 3% risk of failure)
Press: ? - help, Shift-Dir - straight line, f - orc wizard
Aim: an orc wizard, wielding a +2 dagger of electrocution and wearing a +0 robe (100% to hit)
The magic dart hits the orc wizard.
The orc wizard is lightly wounded.
The orc wizard casts a spell.
The orc wizard flickers and vanishes!
Deactivating autopickup; reactivate with Ctrl-A.
You barely miss the orc. The orc barely misses you.
Casting: Magic Dart (safe; 3% risk of failure)
Confirm with . or Enter, or press ? or * to list all spells.
Aiming: Magic Dart (safe; 3% risk of failure)
Press: ? - help, Shift-Dir - straight line, f - orc
Aim: an orc, wielding a +2 vampiric whip and wearing a +0 leather armour (100% to hit)
The magic dart hits something.
Casting: Magic Dart (safe; 3% risk of failure)
Confirm with . or Enter, or press ? or * to list all spells.
Aiming: Magic Dart (safe; 3% risk of failure)
Press: ? - help, Shift-Dir - straight line, f/p - orc
Aim: an orc, wielding a +2 vampiric whip and wearing a +0 leather armour (100% to hit)
The magic dart hits something.
Something hits you.
You are electrocuted!!
Ouch! That really hurt!
You die...

. #># ##.. ..#.#
###..# ..#.# ....#
..#.# ###..# ....##
##....#### ######
....^#######..##....#
#..>.#
..#..##o)oo..###oo..#
#)...# ........######
#)######....#
....#.###
#@####.....##
.?<.#...
##.......####
......##..
##......### ......#
.# #..<.#### .##...#
# #....# . .....
....<.## ......#
........# .......##
.......


You could see 2 orcs.

Vanquished Creatures
  2 worms
  A dart slug (D:2)
  An orc (D:3)
  3 endoplasms (D:1)
  A giant cockroach (D:1)
  A goblin (D:2)
  2 jackals (D:1)
  A quokka (D:1)
  4 ball pythons
  4 bats (D:1)
  5 frilled lizards
  5 kobolds
  6 rats
36 creatures vanquished.

Vanquished Creatures (others)
  An orc wizard (D:3)
1 creature vanquished.

Grand Total: 37 creatures vanquished

Notes
Turn   | Place    | Note
-------+----------+-------------------------------------------
     0 | D:1      | greenlake the Human Conjurer began the quest for the Orb.
     0 | D:1      | Reached XP level 1. HP: 13/13 MP: 3/3
   361 | D:1      | Reached XP level 2. HP: 19/19 MP: 3/5
   691 | D:1      | Reached skill level 1 in Armour
   691 | D:1      | Reached XP level 3. HP: 24/24 MP: 4/6
  1720 | D:3      | Noticed Terence
  2073 | D:3      | Reached XP level 4. HP: 14/30 MP: 4/8
  2076 | D:3      | Mangled by an orc wizard

Illustrated notes

Levels and vault maps discovered:
D:1:      dpeg_arrival_central, layout_basic, st_stairs_6
D:2:      layout_rooms
D:3:      layout_rooms, dk_xom_monty_hall, elyvilon_altar_5,
          shapermc_ecumenical_altar_venn, hex_intersection, uniq_robin,
          uniq_terence

Skill      XL: |  1  2 |
---------------+-------+-----
Armour         | 1 |  1.5
Dodging        | |  2.0
Stealth        | |  2.0
Spellcasting   | |  2.7
Conjurations   | |  4.4

Action                   |  1- 3 |  4- 6 || total
-------------------------+-------+-------++-------
Melee: Short sword       |    45 |       ||    45
       Staff             |    84 |     1 ||    85
 Cast: Magic Dart        |    29 |     3 ||    32
Armor: Leather armour    |    44 |       ||    44
       Robe              |     6 |       ||     6
Dodge: Dodged            |    73 |     1 ||    74
